 Dungeon Crawl Stone Soup version 0.30.0-29-ga12c61a403 (webtiles) character file.

Game seed: 8326371462485616701

67 qw the Chopper (level 4, 0/28 HPs)
             Began as a Gargoyle Fighter on June 2, 2023.
             Slain by a goblin
             ... wielding a +0 spear
             ... led by Robin
              (2 damage)
             ... on level 2 of the Dungeon.
             The game lasted 00:00:34 (914 turns).

qw the Chopper (Gargoyle Fighter)                    Turns: 914, Time: 00:00:35

Health: 0/28       AC: 10    Str: 21    XL:     4   Next: 18%
Magic:  4/4        EV:  9    Int:  9    God:
Gold:   62         SH:  9    Dex:  9    Spells: 3/3 levels left

rFire   . . .        Y - +0 war axe
rCold   . . .        c - +0 buckler
rNeg    + . .        b - +0 scale mail
rPois   inf          (no helmet)
rElec   +            (no cloak)
rCorr   .            (no gloves)
SInv    .            (no boots)
Will    .....        f - amulet of reflection Stlth
                     (no ring)
HPRegen 0.24/turn    (no ring)
MPRegen 0.09/turn

%: reflection
@: no status effects
A: sickness immunity, AC +3, negative energy resistance 1, electricity
resistance, torment resistance 1, petrification resistance
a: no special abilities


You were on level 2 of the Dungeon.
You visited 1 branch of the dungeon, and saw 2 of its levels.

You collected 62 gold pieces.


Innate Abilities, Weirdness & Mutations

You are immune to sickness and miasma.
Your stone body is resilient. (AC +3)
You are immune to poison.
You resist negative energy. (rN+)
You are resistant to electric shocks. (rElec)
You are resistant to unholy torment.
You are immune to petrification.


   Skills:
 - Level 3.2 Fighting
 + Level 3.9 Axes
 - Level 3.2 Armour
 - Level 3.2 Shields


You had 3 spell levels left.
You didn't know any spells.
Your spell library was empty.

Inventory:

Hand Weapons
 g - a +0 whip
 Y - a +0 war axe (weapon)
Armour
 b - a +0 scale mail (worn)
 c - a +0 buckler (worn)
Jewellery
 f - an amulet of reflection (around neck)
Scrolls
 a - a scroll of identify
Potions
 d - 2 potions of might
 e - a potion of cancellation
 h - a potion of ambrosia {unknown}
 i - a potion of brilliance {unknown}
 j - a potion of curing

Dungeon Overview and Level Annotations

Branches:
Dungeon (2/15)

Altars:


Message History

You slash Robin! Robin hits you but does no damage.
You barely miss Robin.
Robin is severely wounded.
The goblin no longer looks unusually strong. x2
Robin roars a battlecry!
The goblins go into a battle-frenzy!
You barely miss Robin.
Robin is severely wounded.
Robin roars a battlecry!
The hobgoblin goes into a battle-frenzy!
You hit Robin.
You kill Robin!
You have reached level 4!
You feel clever.
You slash the goblin!
You kill the goblin!
The goblin closely misses you. You block the goblin's attack.
You closely miss the goblin. You block the goblin's attack.
The goblin hits you but does no damage.
You barely miss the goblin. You hit the hobgoblin.
The goblin hits you but does no damage. You block the goblin's attack.
The hobgoblin barely misses you.
You barely miss the hobgoblin.
The hobgoblin is heavily wounded.
You hit the goblin. The hobgoblin hits you.
The goblin hits you from afar with a +0 spear!
You block the goblin's attack. The hobgoblin hits you.
The goblin closely misses you. You block the goblin's attack.
You hit the hobgoblin but do no damage.
The hobgoblin is heavily wounded.
You slash the goblin!
You kill the goblin!
The goblin barely misses you.
You closely miss the hobgoblin.
The hobgoblin is heavily wounded.
You slash the goblin!
You kill the goblin!
The goblin hits you from afar with a +0 spear.
You die...

...... . ......
#.....: ......
#.......## ....
#.>. ....#
.gg###... .#..####
#g..
..####.##.....
#g###.#....####...
#@g.#....# #.##
###...#[.######.##
###.#........%.#
#...#######)..
#.#...........
#.###....####.
###.###.......#.
##........####.#.
#..#.###..#....#.


You could see 2 hobgoblins and 3 goblins.

Vanquished Creatures
  Robin (D:2)
  2 adders (D:2)
  4 bats (D:1)
  3 endoplasms
  A giant cockroach (D:1)
  10 goblins
  5 hobgoblins
  A kobold (D:2)
  5 ball pythons
  4 rats
36 creatures vanquished.

Notes
Turn   | Place    | Note
-------+----------+-------------------------------------------
     0 | D:1      | qw the Gargoyle Fighter began the quest for the Orb.
     0 | D:1      | Reached XP level 1. HP: 14/14 MP: 1/1
     0 | D:1      | 0 ||| qw: Version: 0.2-a-102-gdf20003
     0 | D:1      | 0 ||| qw: Game counter: 936
     0 | D:1      | 0 ||| qw: Always use a shield: true
     0 | D:1      | 0 ||| qw: God list: Okawaru
     0 | D:1      | 0 ||| qw: Allow faded altars: false
     0 | D:1      | 0 ||| qw: Do Orc after D:15 true
     0 | D:1      | 0 ||| qw: Do second Lair branch before Depths: true
     0 | D:1      | 0 ||| qw: Lair rune preference: random
     0 | D:1      | 0 ||| qw: Plans: Normal, Zot:1-4, Slime:5, God:TSO, Crypt,
                  | Tomb, Pan, Hells, Abyss, Win
     0 | D:1      | 0 ||| PLANNING D:1-11
   176 | D:1      | Reached XP level 2. HP: 18/19 MP: 2/2
   516 | D:1      | You fall into a shaft and drop 1 floor!
   568 | D:2      | Reached skill level 3 in Axes
   568 | D:2      | 568 ||| Stepping ~*~*~tactically~*~*~ (stealth).
   575 | D:2      | Reached XP level 3. HP: 23/23 MP: 3/3
   576 | D:2      | 576 ||| Stepping ~*~*~tactically~*~*~ (hiding).
   645 | D:2      | 645 ||| UPGRADING to amulet of reflection.
   650 | D:2      | 650 ||| READING 3 scrolls labelled FOUGURPHACSA.
   651 | D:2      | 651 ||| READING scroll labelled JOQERU MESTRYHO.
   652 | D:2      | 652 ||| READING scroll labelled QAYHOEXUPN.
   653 | D:2      | 653 ||| DRINKING 2 dark potions.
   654 | D:2      | 654 ||| READING 2 scrolls of identify.
   654 | D:2      | 654 ||| IDENTIFYING black potion
   832 | D:1      | 832 ||| READING scroll labelled OLO QOIFYOPSUO.
   889 | D:2      | Noticed Robin
   891 | D:2      | 891 ||| Stepping ~*~*~tactically~*~*~ (hiding).
   908 | D:2      | Killed Robin
   909 | D:2      | Reached XP level 4. HP: 15/28 MP: 4/4
   912 | D:2      | HP: 2/28 [goblin/+0 spear[Robin] (8)]
   914 | D:2      | Slain by a goblin

Levels and vault maps discovered:
D:1:      ldierk_walled_garden_2, layout_loops_cross
D:2:      layout_rooms, basic_altar, minmay_heptomino_l4, uniq_robin

Skill      XL: |  1  2 |
---------------+-------+-----
Axes           | 2 3 |  3.9
Fighting       | |  3.2
Armour         | |  3.2
Shields        | |  3.2

Action                     |  1- 3 |  4- 6 || total
---------------------------+-------+-------++-------
  Melee: War axe           |    85 |     6 ||    91
    Use: Scroll            |     5 |       ||     5
         Potion            |     1 |       ||     1
 Armour: Scale mail        |    41 |     2 ||    43
  Dodge: Dodged            |    39 |     4 ||    43
  Block: Buckler           |    19 |     5 ||    24

Table legend:
 A = Non-vault XP
 B = Vault XP
 C = Vault XP percentage of total XP
 D = Non-vault monster count
 E = Vault monster count
 F = Vault count percentage of total count
                 A         B        C        D         E       F
            +---------+---------+-------+---------+---------+-------
      Total |      54 |      45 |  45.5 |      26 |      10 |  27.8
            +---------+---------+-------+---------+---------+-------
        D:1 |      25 |       0 |   0.0 |      16 |       0 |   0.0
        D:2 |      29 |      45 |  60.8 |      10 |      10 |  50.0
            +---------+---------+-------+---------+---------+-------
